 Dungeon Sprint DCSS version 0.27-a0-202-gdcb3803577 (webtiles) character file.

Game seed: 13458445808344630219

505 MordorOrchid the Magician (level 6, -2/57 HPs)
             Began as a Troll Hedge Wizard on Jan 30, 2021.
             Was a Believer of Sif Muna.
             Slain by a troll (13 damage)
             ... in the Dungeon (Sprint IX: "|||||||||||||||||||||||||||||").
             The game lasted 00:06:18 (580 turns).

MordorOrchid the Magician (Troll Hedge Wizard)       Turns: 580, Time: 00:06:18

Health: -2/57      AC:  6    Str: 22    XL:     6   Next: 96%
Magic:  6/14       EV: 12    Int: 12    God:    Sif Muna [**....]
Gold:   0          SH:  0    Dex:  9    Spells: 6/17 levels left

rFire    . . .     SeeInvis .   m - +2 scimitar (flame)
rCold    . . .     Faith    .   (no shield)
rNeg     . . .     Spirit   .   b - +0 robe
rPois    .         Reflect  .   c - +0 hat
rElec    .         Harm     .   (no cloak)
rCorr    .         Rampage  .   (gloves unavailable)
Will     .....     NoTele   +   (boots unavailable)
Stlth    +.........             (no amulet)
HPRegen  0.59/turn              n - +2 ring of evasion
MPRegen  0.14/turn              o - +3 ring of strength

@: no status effects
A: large, unfitting armour, claws 3, regeneration 1, shaggy fur 1, tough skin 3
a: Renounce Religion, Channel Magic


You were in the Dungeon.
You worshipped Sif Muna.
Sif Muna was pleased with you.
You visited 1 branch

Inventory:

Hand Weapons
 a - a +0 dagger
 l - a +2 halberd of venom
 m - a +2 scimitar of flaming (weapon)
Armour
 b - a +0 robe (worn)
 c - a +0 hat (worn)
Jewellery
 n - a +2 ring of evasion (left claw)
 o - a +3 ring of strength (right claw)
Wands
 k - a wand of acid (7)
Scrolls
 g - 3 scrolls of remove curse
 i - 2 scrolls of amnesia
 j - 2 scrolls of blinking
Potions
 e - 5 potions of curing
 f - 3 potions of heal wounds
 h - 4 potions of magic


   Skills:
 - Level 2.0 Fighting
 - Level 3.4 Armour
 * Level 3.0 Dodging
 - Level 1.0 Stealth
 + Level 6.3 Spellcasting
 * Level 4.1 Conjurations
 * Level 1.0 Summonings
 - Level 0.6 Translocations
 * Level 2.2 Air Magic
 - Level 2.0 Poison Magic
 - Level 5.0 Evocations


You had 6 spell levels left.
You knew the following spells:

 Your Spells              Type           Power        Failure   Level
a - Magic Dart            Conj           52%          3%          1
b - Call Imp              Summ           6%           17%         2
c - Conjure Flame         Conj/Fire      8%           22%         3
g - Mephitic Cloud        Conj/Pois/Air  10%          17%         3
x - Blink                 Tloc           N/A          21%         2

Your spell library contained the following spells:

 Spells                   Type           Power        Failure   Level
 Slow                     Hex            3%           26%         2


Dungeon Overview and Level Annotations

Branches:
Dungeon (1/1)

Altars:
Cheibriados
Dithmenos
Elyvilon
Fedhas
Gozag
Hepliaklqana
Kikubaaqudgha
Makhleb
Nemelex Xobeh
Okawaru
Qazlal
Ru
Sif Muna
Trog
Uskayaw
Vehumet
Wu Jian
Xom
Yredelemnul
Zin
The Shining One
Beogh
Jiyva
Lugonu


Innate Abilities, Weirdness & Mutations

You are too large for most types of armour.
You have claws for hands.
Your natural rate of healing is unusually fast.
You are covered in fur. (AC +1)
You have extremely tough skin. (AC +3)


Message History

There is a shimmering blue altar of Sif Muna here.
There is a sacrificial altar of Ru here.
There is a stormy altar of Qazlal here.
Evoke which item? (* to show all) (? for menu, Esc to quit)
Aiming: Corrosive Bolt
Press: ? - help, Shift-Dir - straight line, f - troll
Aim: a troll (heavily wounded, 26% to evade)
The bolt of acid hits the troll!
The troll is splashed with acid.
The acid corrodes the troll!
The troll is almost dead.
The troll closely misses you.
You riposte.
You closely miss the troll.
The troll is almost dead.
The troll claws you. The troll claws you!
* * * LOW HITPOINT WARNING * * *
Evoke which item? (* to show all) (? for menu, Esc to quit)
Aiming: Corrosive Bolt
Press: ? - help, Shift-Dir - straight line, f/p - troll
Aim: a troll (almost dead, covered in acid, 26% to evade)
The bolt of acid misses the troll.
The troll bites you!
You die... ▓▓▓▓▓▓▓▓▓▓▓▓▓▓▓▓▓▓▓▓▓▓▓▓▓▓▓▓▓▓▓▓▓ [.)..'_________T@_____________'.. ▓▓▓▓▓▓▓▓▓▓▓▓▓▓▓▓▓▓▓▓▓▓▓▓▓▓▓▓▓▓▓▓▓

You could see a troll (corroded).

Vanquished Creatures
  A wraith (D)
  An ice beast (D)
  An ogre (D)
  A scorpion (D)
  A jelly (D)
  A hound (D)
  2 worker ants (D)
  An adder zombie (D)
  An orc (D)
  A bat (D)
  2 giant cockroaches (D)
  A goblin (D)
  A kobold (D)
  A rat (D)
16 creatures vanquished.

Vanquished Creatures (collateral kills)
  An iguana (D)
  A worker ant (D)
2 creatures vanquished.

Grand Total: 18 creatures vanquished

Notes
Turn   | Place    | Note
-------+----------+-------------------------------------------
     0 | D        | MordorOrchid the Troll Hedge Wizard began the quest for the
                  | Orb.
     0 | D        | Reached XP level 1. HP: 16/16 MP: 2/2
    15 | D        | Reached skill level 1 in Conjurations
    50 | D        | Noticed an iguana
    50 | D        | Noticed a worker ant
    50 | D        | Noticed a worker ant
    50 | D        | Noticed an ogre
    55 | D        | Killed an ogre
    56 | D        | Reached skill level 4 in Spellcasting
    56 | D        | Reached XP level 2. HP: 28/28 MP: 4/6
    56 | D        | Reached XP level 3. HP: 35/35 MP: 4/7
    56 | D        | Reached XP level 4. HP: 42/42 MP: 5/9
    94 | D        | Reached skill level 5 in Spellcasting
   152 | D        | Learned a level 2 spell: Call Imp
   156 | D        | Learned a level 3 spell: Mephitic Cloud
   159 | D        | Learned a level 2 spell: Blink
   163 | D        | Learned a level 3 spell: Conjure Flame
   240 | D        | Reached XP level 5. HP: 49/49 MP: 6/11
   245 | D        | Found a roughly hewn altar of Beogh.
   245 | D        | Found a snail-covered altar of Cheibriados.
   245 | D        | Found a shadowy altar of Dithmenos.
   245 | D        | Found a white marble altar of Elyvilon.
   245 | D        | Found a blossoming altar of Fedhas.
   245 | D        | Found an opulent altar of Gozag.
   246 | D        | Found a hazy altar of Hepliaklqana.
   247 | D        | Found a viscous altar of Jiyva.
   248 | D        | Found an ancient bone altar of Kikubaaqudgha.
   249 | D        | Found a corrupted altar of Lugonu.
   250 | D        | Found a burning altar of Makhleb.
   251 | D        | Found a sparkling altar of Nemelex Xobeh.
   252 | D        | Found an iron altar of Okawaru.
   253 | D        | Found a stormy altar of Qazlal.
   254 | D        | Found a sacrificial altar of Ru.
   255 | D        | Found a shimmering blue altar of Sif Muna.
   256 | D        | Found a bloodstained altar of Trog.
   257 | D        | Found a hide-covered altar of Uskayaw.
   258 | D        | Found a radiant altar of Vehumet.
   259 | D        | Found an ornate altar of the Wu Jian Council.
   260 | D        | Found a shimmering altar of Xom.
   261 | D        | Found a basalt altar of Yredelemnul.
   262 | D        | Found a glowing silver altar of Zin.
   263 | D        | Became a worshipper of Sif Muna the Loreminder
   264 | D        | Found a glowing golden altar of the Shining One.
   293 | D        | Noticed a wraith
   293 | D        | Noticed an ice beast
   312 | D        | Killed an ice beast
   314 | D        | Reached skill level 5 in Evocations
   314 | D        | Reached XP level 6. HP: 22/57 MP: 10/12
   316 | D        | Reached * piety under Sif Muna
   317 | D        | Reached skill level 1 in Air Magic
   317 | D        | Reached skill level 1 in Poison Magic
   327 | D        | Killed a wraith
   328 | D        | Reached skill level 6 in Spellcasting
   447 | D        | Reached ** piety under Sif Muna
   540 | D        | Noticed an ice beast
   540 | D        | Noticed a two-headed ogre
   540 | D        | Noticed a troll
   547 | D        | Reached skill level 1 in Summonings
   580 | D        | Slain by a troll

Illustrated notes

Levels and vault maps discovered:
D:        linesprint [early_d, line_temple, items_1, d_10, items_2, lair_1,
          lair_end, items_3, orc_1, orc_end, items_4, d_15, swamp_1, shoals_1,
          snake_1, spider_1, d_20, vaults_1, items_5, swamp_end, shoals_end,
          snake_end, spider_end, vaults_end, d_27, items_6, zot_1, zot_end,
          crypt_end, forest_end, elf_end, slime_end, tomb_end, abyss_end,
          pan_hell_end]

Skill      XL: |  1  2  3  4  5  6 |
---------------+-------------------+-----
Conjurations   | 2 3 4 |  4.1
Fighting       | 2 |  2.0
Armour         | 2 3 |  3.4
Spellcasting   | 4 5 6 |  6.3
Evocations     | 5 |  5.0
Dodging        | 3 |  3.0
Air Magic      | 2 |  2.2
Poison Magic   | 2 |  2.0
Summonings     | 1 |  1.0
Stealth        | |  1.0
Translocations | |  0.6

Action                   |  1- 3 |  4- 6 || total
-------------------------+-------+-------++-------
Melee: Dagger            |    23 |    30 ||    53
       Scimitar          |       |    22 ||    22
 Cast: Magic Dart        |     2 |    23 ||    25
       Call Imp          |       |     7 ||     7
       Blink             |       |     1 ||     1
       Conjure Flame     |       |     2 ||     2
       Mephitic Cloud    |       |     2 ||     2
Evoke: Wand              |       |     3 ||     3
  Use: Potion            |     2 |     1 ||     3
 Stab: Invisible         |       |     1 ||     1
       Sleeping          |       |     1 ||     1
Armor: Robe              |     7 |    14 ||    21
Dodge: Dodged            |    12 |    39 ||    51
       Rpst.: Scimitar   |       |     8 ||     8

Table legend: (Time is in decaauts)
 A = Elapsed time spent in this place.
 B = Non-inter-level travel time spent in this place.
 C = Inter-level travel time spent in this place.
 D = Time resting spent in this place.
 E = Time spent auto-exploring this place.
 F = Levels seen in this place.
 G = Mean time per level.
                   A        B        C        D        E       F      G
               +--------+--------+--------+--------+--------+-----+--------+
         Total |    579 |    579 |      0 |    289 |      0 |   1 |  579.0 |
       Dungeon |    579 |    579 |      0 |    289 |      0 |   1 |  579.0 |
               +--------+--------+--------+--------+--------+-----+--------+

Top non-repeatable levels by time:
       D: 579 daAuts
